[Event "Julius Baer Generation Cup Prelims 2022"]
[Site "Online"]
[Date "2022.09.14"]
[Round "1.6"]
[White "Wojtaszek, Radoslaw"]
[Black "Le, Quang Liem"]
[Result "1/2-1/2"]
[ECO "E11"]
[WhiteElo "2696"]
[BlackElo "2728"]
[Annotator "ChessBase"]
[PlyCount "114"]
[EventDate "2022.09.12"]
[EventType "tourn"]
[EventCountry "NET"]
[SourceTitle "playchess.com"]
[Source "ChessBase"]
[SourceQuality "1"]
[TimeControl "900+10"]

1. d4 d5 2. c4 e6 3. Nf3 Nf6 4. g3 Bb4+ 5. Bd2 a5 6. Bg2 O-O 7. Qc2 c5 8. cxd5 cxd4 9. a3 Bxd2+ 10. Qxd2 Qxd5 11. Qxd4 Nc6 12. Qxd5 Nxd5 13. Nbd2 Rd8 14. O-O b6 15. Rac1 Bb7 16. Rfd1 Rac8 17. Nc4 b5 18. Nce5 Nxe5 19. Nxe5 Kf8 20. Nd3 Ke7 21. Nc5 Ba8 22. Nb3 a4 23. Nd4 b4 24. Rxc8 Rxc8 25. axb4 Nxb4 26. Bxa8 Rxa8 27. Rc1 Kf6 28. Rc4 Rb8 29. f4 g5 30. Nf3 gxf4 31. Rxf4+ Kg7 32. Ne5 f5 33. Rc4 Nd5 34. Nd3 Nb6 35. Rb4 Kf6 36. Kf2 Ke7 37. Nc5 Rc8 38. Nxa4 Nxa4 39. Rxa4 Rb8 40. b4 Kf6 41. Kf3 h5 42. e4 Rb5 43. Kf4 h4 44. gxh4 fxe4 45. Kxe4 Rh5 46. Kd4 Rxh4+ 47. Kc5 Rh5+ 48. Kc6 Rxh2 49. b5 Rc2+ 50. Kd6 Rb2 51. Kc5 e5 52. b6 Ke6 53. Rb4 Rxb4 54. Kxb4 Kd7 55. Kc5 e4 56. Kd4 Kc6 57. Kxe4 Kxb6 1/2-1/2

[Event "Julius Baer Generation Cup Prelims 2022"]
[Site "Online"]
[Date "2022.09.14"]
[Round "3.5"]
[White "Wojtaszek, Radoslaw"]
[Black "Niemann, Hans Moke"]
[Result "1-0"]
[ECO "E11"]
[WhiteElo "2696"]
[BlackElo "2688"]
[Annotator "ChessBase"]
[PlyCount "69"]
[EventDate "2022.09.12"]
[EventType "tourn"]
[EventCountry "NET"]
[SourceTitle "playchess.com"]
[Source "ChessBase"]
[SourceQuality "1"]
[TimeControl "900+10"]

1. d4 Nf6 2. c4 e6 3. Nf3 d5 4. g3 Bb4+ 5. Bd2 Be7 6. Bg2 O-O 7. O-O Nbd7 8. b4 Ne4 9. Qb3 Nb6 10. c5 Nc4 11. Be1 a5 12. Nbd2 Nexd2 13. Nxd2 b5 14. bxa5 Rxa5 15. Nb1 Ra7 16. Qxb5 Ba6 17. Qb3 e5 18. Bc3 e4 19. e3 Rb7 20. Qa4 Bb5 21. Qc2 f5 22. Re1 g5 23. a4 Ba6 24. Nd2 f4 25. exf4 Nxd2 26. Bxd2 Bf6 27. Qc3 Qb8 28. c6 Rb2 29. fxg5 Bxg5 30. Bxg5 Rfxf2 31. Bh3 Rxh2 32. Rab1 Rxh3 33. Rxb2 Qf8 34. Qe3 Qf5 35. Qf4 1-0

[Event "Julius Baer Generation Cup Prelims 2022"]
[Site "Online"]
[Date "2022.09.14"]
[Round "5.4"]
[White "Wojtaszek, Radoslaw"]
[Black "Praggnanandhaa R"]
[Result "1/2-1/2"]
[ECO "D35"]
[WhiteElo "2696"]
[BlackElo "2676"]
[Annotator "TA"]
[PlyCount "92"]
[EventDate "2022.09.12"]
[EventType "tourn"]
[EventCountry "NET"]
[SourceTitle "playchess.com"]
[Source "ChessBase"]
[SourceQuality "1"]
[TimeControl "900+10"]

1. d4 Nf6 2. c4 e6 3. Nf3 d5 4. cxd5 exd5 5. Nc3 c6 6. Bg5 h6 7. Bh4 Bf5 8. e3 Nbd7 9. Bd3 Bxd3 10. Qxd3 Be7 11. O-O O-O 12. a3 {[%emt 0:00:17] CPLX 2.3 5 (h2-h3) (=5)} a5 {[%emt 0:00:08] CPLX 2.3 5 (Rf8-e8) (=5). D35: Queen's Gambit Declined: Exchange Variation.} 13. Qc2 {[%emt 0:00:01] BESTDEEP} Re8 {[%emt 0:01:09] CPLX 2.3 0 (Ra8-c8) (=3)} 14. Rab1 {[%emt 0:00:35] CPLX 2.3 14 (Bh4-g3) (=6)} Nb6 {[%emt 0:00:19] CPLX 2.3 14 (Be7-d6) (=6)} 15. Nd2 {[%emt 0:00:43] [#] CPLX 2.3 0 (Rf1-e1) (=5)} Nfd7 $146 {[%emt 0:05:04] CPLX 2.4 16 (Nf6-g4) (=9)} ({Predecessor:} 15... Ne4 16. Ncxe4 Bxh4 17. Nc5 Qc7 18. b4 axb4 19. axb4 Be7 20. Rfc1 Bd6 21. h3 Nc8 {0-1 (70) Checa,N (2508)-Sheng,J (2451) Chess.com INT 2019}) 16. Bxe7 {[%emt 0:01:52] CPLX 2.9} Qxe7 {[%emt 0:00:05] RECAPT 0 (Re8xe7) (=7)} 17. b4 {[%emt 0:00:01] BESTDEEP} axb4 {[%emt 0:01:04] CPLX 2.5 13 (Re8-b8) (=8)} 18. axb4 {[%emt 0:00:01] RECAPT} Nc8 {[%emt 0:00:05] CPLX 2.4 5 (Nd7-f6) (=8)} 19. b5 {[%emt 0:00:27] CPLX 2.3} Nd6 {[%emt 0:00:03] EASY} 20. bxc6 {[%emt 0:00:33] CPLX 2.6} bxc6 {[%emt 0:00:00] RECAPT} 21. Na4 {[%emt 0:01:32] CPLX 2.4 14 (Nc3-e2) (=3)} Ra6 {[%emt 0:02:01] Against Nb6. CPLX 2.5} 22. Nc5 {[%emt 0:00:16] CPLX 2.5 6 (Rf1-c1) (=4)} Nxc5 {[%emt 0:00:27] CPLX 2.9} 23. Qxc5 {[%emt 0:00:00] RECAPT} Rea8 {[%emt 0:01:07] BESTDEEP} 24. Rb6 {[%emt 0:01:00] CPLX 2.2 0 (Rb1-b2) (=3)} Rxb6 {[%emt 0:00:16] CPLX 2.4 12 (Qe7-c7) (=5)} 25. Qxb6 {[%emt 0:00:02] RECAPT} Qb7 {[%emt 0:00:17] CPLX 2.0 6 (Qe7-e8) (=5)} 26. Qxb7 {[%emt 0:00:35] CPLX 2.3} Nxb7 $11 {[%emt 0:00:02][%mdl 4096] Endgame KRN-KRN. RECAPT} 27. Rc1 {[%emt 0:01:18] CPLX 2.0 19 (h2-h3) (=4)} Ra6 {[%emt 0:00:14] CPLX 2.0 29 (Ra8-a2) (=6)} (27... Ra2 $5 28. Nf3 c5 $11) 28. Nf3 {[%emt 0:00:28] CPLX 2.0 19 (g2-g4) (=5)} c5 {[%emt 0:01:09] BESTDEEP} 29. dxc5 {[%emt 0:01:17] CPLX 2.0} Nxc5 {[%emt 0:00:04] RECAPT} 30. h4 {[%emt 0:00:24] CPLX 2.0 3 (h2-h3) (=4)} Ne6 {[%emt 0:00:23] CPLX 2.0 2 (Nc5-e4) (=5)} 31. Ne5 {[%emt 0:01:03] CPLX 2.0 2 (Rc1-b1) (=4)} Rd6 {[%emt 0:01:06] CPLX 2.0 14 (g7-g5) (=6)} 32. Ra1 {[%emt 0:02:11] CPLX 2.0 14 (h4-h5) (=5)} d4 {[%emt 0:01:55] CPLX 2.0 8 (f7-f6) (=6)} 33. Ra8+ {[%emt 0:00:08] EASY} Nf8 {[%emt 0:00:15] CPLX 2.0 12 (Ne6-d8) (=6)} 34. exd4 {[%emt 0:00:17] CPLX 2.0} Rxd4 {[%emt 0:00:04] RECAPT} 35. h5 {[%emt 0:00:19] CPLX 2.0} Rd6 {[%emt 0:00:15] BESTDEEP} 36. g4 {[%emt 0:01:04] CPLX 2.0 33 (Kg1-h2) (=5)} g5 {[%emt 0:00:28] [#] RELBLUND 72 (g7-g6) (=8)} (36... g6 $11) 37. hxg6 {[%emt 0:00:15] White is more active. RELBLUND 65 (Ne5-c4) (=7)} ({White should play} 37. Nc4 $1 $16 Rd4 38. Ne3) 37... fxg6 {[%emt 0:00:02] RECAPT. The position is equal.} 38. f4 {[%emt 0:00:11] CPLX 2.0 7 (f2-f3) (=7)} Rf6 {[%emt 0:00:18] CPLX 2.0} 39. Kh2 {[%emt 0:01:00] CPLX 2.0 0 (Ne5-d3) (=7)} Rxf4 {[%emt 0:00:08] EASY} 40. Nxg6 {[%emt 0:00:01] CPLX 2.0} Rf6 {[%emt 0:00:07] BESTDEEP} 41. Nxf8 {[%emt 0:00:06] CPLX 2.0 0 (Ng6-h4) (=7)} Rxf8 {[%emt 0:00:01] RECAPT} 42. Rxf8+ {[%emt 0:00:01] CPLX 2.0 0 (Ra8-a7) (=6)} Kxf8 {[%emt 0:00:00] KP-KP. RECAPT} 43. Kg3 {[%emt 0:00:01] CPLX 2.0 0 (Kh2-g1) (=6)} Kg7 {[%emt 0:00:00] CPLX 2.0} 44. Kf4 {[%emt 0:00:03] CPLX 2.0 0 (Kg3-g2) (=6)} Kg6 45. Kf3 h5 46. gxh5+ {[%emt 0:00:00] CPLX 2.0} Kxh5 {[%emt 0:00:00] Weighted Error Value: White=0.08 (flawless) /Black=0.10 (very precise)} 1/2-1/2

[Event "Julius Baer Generation Cup Prelims 2022"]
[Site "Online"]
[Date "2022.09.14"]
[Round "7.3"]
[White "Wojtaszek, Radoslaw"]
[Black "Ivanchuk, Vasyl"]
[Result "1-0"]
[ECO "D52"]
[WhiteElo "2696"]
[BlackElo "2678"]
[Annotator "TA"]
[PlyCount "91"]
[EventDate "2022.09.12"]
[EventType "tourn"]
[EventCountry "NET"]
[SourceTitle "playchess.com"]
[Source "ChessBase"]
[SourceQuality "1"]
[TimeControl "900+10"]

1. d4 Nf6 2. c4 e6 3. Nf3 d5 4. Nc3 c6 5. Bg5 Nbd7 6. e3 Qa5 7. Nd2 Bb4 8. Qc2 O-O 9. Be2 c5 {[%emt 0:00:01] CPLX 2.9 7 (d5xc4) (=7)} 10. Bf4 {[%emt 0:00:57] BESTDEEP. D52: Queen's Gambit Declined: Cambridge Springs Variation.} cxd4 {[%emt 0:01:43] CPLX 2.9 4 (Rf8-e8) (=6)} 11. exd4 {[%emt 0:00:16] RECAPT} Re8 {[%emt 0:00:45] BESTDEEP} 12. O-O {[%emt 0:00:15] CPLX 2.8. White has an edge.} Bxc3 {[%emt 0:00:03] BESTDEEP} 13. bxc3 {[%emt 0:00:06] RECAPT} e5 {[%emt 0:00:01] EASY} 14. Be3 {[%emt 0:00:11] CPLX 3.1} b6 {[%emt 0:01:28] CPLX 2.8} 15. a4 exd4 $1 {[%emt 0:00:07] DEEPSTRONG} 16. cxd4 {[%emt 0:00:15] RECAPT} Ba6 $1 {[%emt 0:00:02] CPLX 2.7} 17. Rfc1 {[%emt 0:03:21] CPLX 2.8} Rac8 {[%emt 0:00:54] CPLX 2.8} 18. Qb2 {[%emt 0:00:31] BESTDEEP} h6 {[%emt 0:01:32] RELBLUND 55 (Nd7-b8) (=7)} (18... Nb8 $11) 19. h3 {[%emt 0:01:46] CPLX 2.7 41 (Qb2-a3) (=4)} (19. Qa3 $5 Bb7 20. Bf1 dxc4 21. Nxc4 $16) 19... Nb8 {[%emt 0:04:02] [#] BESTDEEP} 20. Qa3 $146 {[%emt 0:04:25] Threatens to win with Nb3. BESTDEEP} ({Predecessor:} 20. Kh1 Red8 21. Qa2 dxc4 22. Nxc4 Qd5 23. Bf3 Bxc4 24. Bxd5 Bxa2 25. Bxa2 Nc6 26. g3 {1-0 (53) Figlio,G (2397)-De la Calle,I (2329) ICCF email 2011}) 20... Nc6 {[%emt 0:00:46] CPLX 2.9} 21. Bf3 {[%emt 0:00:04] BESTDEEP} (21. Bf1 {is more complex.} Nxd4 22. Bxd4 Qxd2 23. Bxf6 gxf6 24. Rc3) 21... Nxd4 $2 {[%emt 0:00:56] RELBLUND 166 (Qa5-b4) (=18)} 22. Bxd4 $18 {[%emt 0:00:06] Hoping for Nb3. This bishop pair is nice. RECAPT} Qxd2 {[%emt 0:00:01] EASY} 23. Bxf6 {[%emt 0:00:14] EASY} gxf6 {[%emt 0:00:03] RECAPT} 24. Bxd5 {[%emt 0:00:08] Black must now prevent a5. CPLX 3.4} Rc5 {[%emt 0:01:01] [#] BESTDEEP} 25. Rd1 {[%emt 0:03:00] CPLX 4.6 134 (a4-a5) (=11)} (25. a5 $1 $18 {[%cal Ra5b6] is the precise move to win.} Rxa5 26. Qg3+ Qg5 27. Qc7) 25... Qf4 $16 {[%emt 0:00:33] CPLX 4.9=>BLUNDERREACT} 26. g3 {[%emt 0:00:05] RELBLUND 64 (Qa3-b2) (=14)} (26. Qb2 $16) 26... Qf5 {[%emt 0:00:43] [#] RELBLUND 85 (Qf4-c7) (=18)} (26... Qc7 $11) 27. Rd4 $1 {[%emt 0:00:06] DEEPSTRONG=>BLUNDERREACT} (27. g4 $6 Qf4 $11) 27... Bc8 {[%emt 0:03:13] CPLX 3.6 31 (h6-h5) (=18)} 28. Rf4 {[%emt 0:00:26] MISS-Rd4-g4 75 (Rd4-g4) (=17)} (28. Rg4+ $16 Kf8 29. a5) 28... Qe5 {[%emt 0:00:02] CPLX 3.8 44 (Qf5-g6) (=20)} 29. Rd1 {[%emt 0:00:35] MISS-Rf4-e4 73 (Rf4-e4) (=19)} (29. Re4 $16 Qxe4 30. Bxe4 Rxe4 31. Qf3) 29... Kg7 {[%emt 0:00:16] MISS-Bc8xh3 33 (Bc8xh3) (=20)} 30. Qf3 {[%emt 0:01:05] CPLX 3.4 19 (Rd1-d3) (=19)} f5 {[%emt 0:00:05] CPLX 3.7 46 (Qe5-e2) (=21)} (30... Qe2 $11) 31. Qh5 {[%emt 0:00:25] CPLX 3.2 43 (g3-g4) (=20)} (31. g4 $5 ) 31... Re7 {[%emt 0:00:03] CPLX 4.2 18 (Rc5-c7) (=21)} 32. Rd3 {[%emt 0:00:13] CPLX 4.1 12 (Rd1-d4) (=20)} ({Much worse is} 32. Rh4 Qf6 $11) 32... Qf6 {[%emt 0:00:07] BESTDEEP} 33. Qd1 {[%emt 0:00:29] CPLX 4.6} Bd7 {[%emt 0:00:06] CPLX 2.9 14 (Bc8-e6) (=20)} 34. g4 {[%emt 0:00:20] CPLX 2.9 21 (Kg1-h2) (=19)} Qg5 {[%emt 0:00:08] CPLX 3.2 22 (Rc5-c8) (=20)} 35. Qd2 {[%emt 0:00:10] RELBLUND 51 (Rd3-f3) (=21)} ({Better is} 35. Rdf3 $14) 35... fxg4 $11 {[%emt 0:00:09] DEEPSTRONG} 36. Rg3 {[%emt 0:00:02] MISS-h3xg4 0 (h3xg4) (=20)} Qe5 {[%emt 0:00:33] CPLX 4.6} 37. Kh2 {[%emt 0:00:19][%cal Od5f7] CPLX 4.0 8 (Kg1-g2) (=19)} h5 {[%emt 0:00:08] CPLX 3.9} 38. hxg4 {[%emt 0:00:03] BESTDEEP} hxg4 {[%emt 0:00:02] RECAPT} 39. Kg2 {[%emt 0:00:14] BESTDEEP} f5 {[%emt 0:00:04] CPLX 4.1 0 (Rc5-c8) (=17)} 40. Rd4 {[%emt 0:00:13] And now Qg5+ would win. MISS-Rg3-e3 0 (Rg3-e3) (=17)} Be8 $2 {[%emt 0:00:10][%mdl 8192] RELBLUND 400 (Kg7-f8) (=29)} (40... Kf8 $11) 41. Qg5+ {[%emt 0:00:05] EASY} Bg6 {[%emt 0:00:01] BEVAL} 42. Re3 {[%emt 0:00:02][%mdl 64] Skewer. BEVAL} Qxd4 {[%emt 0:00:10] RELBLUND 400 (Qe5xe3) (=39)} 43. Rxe7+ {[%emt 0:00:09] EASY. White mates.} Kf8 {[%emt 0:00:01] EASY} 44. Rd7 {[%emt 0:00:14][%csl Gd7][%cal Rg5e7] CPLX 5.6 2 (Re7xa7) (=16)} Rxd5 {[%emt 0:00:07] RELBLUND 5 (Qd4-g7) (=37)} 45. Qe7+ {[%emt 0:00:04] CPLX 6.8} (45. cxd5 Qe4+ 46. Kf1 Qb1+ 47. Ke2 (47. Kg2 Qe4+ 48. Kf1 Qb1+ 49. Ke2 Qa2+ 50. Qd2 Qxa4 $18) 47... Qc2+ 48. Ke1 Qb1+ 49. Ke2 Qc2+ 50. Qd2 Qe4+ 51. Qe3 f4 52. Qxe4 Bxe4 53. Rxa7 Bxd5 $18) 45... Kg8 {[%emt 0:00:08] LEGAL} 46. Qd8+ {[%emt 0:00:01] Weighted Error Value: White=0.19 (very precise) /Black=0.47} 1-0

[Event "Julius Baer Generation Cup Prelims 2022"]
[Site "Online"]
[Date "2022.09.14"]
[Round "9.2"]
[White "Wojtaszek, Radoslaw"]
[Black "Gelfand, Boris"]
[Result "1-0"]
[ECO "A50"]
[WhiteElo "2696"]
[BlackElo "2668"]
[Annotator "TA"]
[PlyCount "127"]
[EventDate "2022.09.12"]
[EventType "tourn"]
[EventCountry "NET"]
[SourceTitle "playchess.com"]
[Source "ChessBase"]
[SourceQuality "1"]
[TimeControl "900+10"]

1. d4 Nf6 2. c4 e6 3. Bf4 Bb4+ 4. Nd2 c5 5. dxc5 O-O 6. Ngf3 {[%emt 0:00:10] CPLX 2.7. A50: Queen's Fianchetto Defence (1 d4 Nf6 2 c4 b6).} Bxc5 {[%emt 0:00:03] BESTDEEP} 7. e3 {[%emt 0:00:02] CPLX 2.4} b6 8. Be2 {[%emt 0:00:03] BESTDEEP. The position is equal.} Bb7 {[%emt 0:00:01] CPLX 2.2} 9. O-O {[%emt 0:00:03] CPLX 2.4} d5 {[%emt 0:01:55] CPLX 2.4 5 (Nb8-c6) (=1)} 10. a3 {[%emt 0:00:24] CPLX 2.4 6 (Qd1-a4) (=1)} Nc6 {[%emt 0:00:09] [#] CPLX 2.5 1 (Nb8-d7) (=1)} 11. b4 $146 {[%emt 0:00:34] CPLX 2.6 0 (Qd1-b1) (=1)} ({Predecessor:} 11. cxd5 Nxd5 12. Bg3 Rc8 13. Ne4 Be7 14. Rc1 f5 15. Nc3 Nxc3 16. Rxc3 Bf6 17. Rd3 {1-0 (37) Triapishko,A (2506)-Bambino Filho,A (2160) Chess.com INT 2022}) 11... Be7 {[%emt 0:00:47] BESTDEEP} 12. Qb3 {[%emt 0:00:43] CPLX 2.6 1 (h2-h3) (=1)} a5 {[%emt 0:01:31][%cal Ra5b4] CPLX 2.6 14 (Nf6-h5) (=3)} 13. b5 {[%emt 0:00:14] CPLX 2.8} a4 {[%emt 0:00:06] CPLX 2.8} 14. Qb2 {[%emt 0:00:42] BESTDEEP} Na5 {[%emt 0:00:04] EASY} 15. Rfd1 {[%emt 0:00:01] CPLX 2.7 14 (c4xd5) (=2)} Nd7 {[%emt 0:01:46] BESTDEEP} 16. Rac1 {[%emt 0:04:11] CPLX 3.2 17 (c4xd5) (=3)} Bf6 {[%emt 0:00:02] BESTDEEP} 17. Qb1 {[%emt 0:00:18] CPLX 3.1} Nc5 {[%emt 0:01:22] MISS-e6-e5 13 (e6-e5) (=3)} 18. cxd5 {[%emt 0:00:13] CPLX 3.3} exd5 {[%emt 0:00:01] RECAPT} 19. Nd4 {[%emt 0:00:29] Inhibits Nab3. CPLX 3.2} g6 {[%emt 0:00:51] CPLX 3.2 8 (Rf8-e8) (=3)} 20. N2f3 {[%emt 0:00:46][%cal Od4c6] CPLX 2.8 8 (Rc1-c2) (=3)} Re8 {[%emt 0:00:20] BESTDEEP} 21. Rc2 {[%emt 0:00:30] BESTDEEP} Rc8 {[%emt 0:01:23] BESTDEEP} 22. h3 {[%emt 0:00:03] CPLX 2.8 0 (Qb1-b4) (=3)} Bg7 {[%emt 0:00:35] CPLX 2.8 0 (Nc5-e4) (=2)} 23. Qb4 {[%emt 0:01:00] CPLX 2.8 0 (Nd4-c6) (=3)} h6 {[%emt 0:01:19] CPLX 3.0 6 (Bg7-f8) (=2)} 24. Bh2 {[%emt 0:02:20] CPLX 3.0 14 (Nd4-c6) (=3)} Re4 {[%emt 0:00:43] CPLX 2.9 15 (Qd8-f6) (=3)} 25. Qb1 {[%emt 0:00:08] CPLX 3.0 7 (Nf3-d2) (=3)} Nab3 {[%emt 0:00:20] CPLX 2.7 19 (Re4-e8) (=4)} 26. Bf1 {[%emt 0:00:48][%cal Be2f1,Bf1c4,Bc4d5][%mdl 32] CPLX 3.0 26 (Nd4-c6) (=4)} Qf8 {[%emt 0:00:28] RELBLUND 99 (Qd8-e8) (=8)} (26... Qe8 $11 {keeps the balance.}) 27. Nc6 $1 $16 {[%emt 0:00:24] White stays focused until the end. CPLX 3.0=>BLUNDERREACT} Qe8 {[%emt 0:01:04] CPLX 3.2 3 (Rc8xc6) (=8)} 28. Rxd5 {[%emt 0:00:44] White is more active. EASY} Bxc6 {[%emt 0:00:02] CPLX 3.1 57 (Re4-e6) (=10)} ({Better is} 28... Re6) 29. bxc6 {[%emt 0:00:00] RECAPT} Qxc6 {[%emt 0:00:00] RECAPT} 30. Rd6 {[%emt 0:00:19] CPLX 3.3} Qb7 {[%emt 0:00:13] CPLX 3.3 61 (Qc6-e8) (=12)} (30... Qe8 $16 31. Rxb6 Qd8) 31. Bc4 $1 $18 {[%emt 0:00:02] DEEPSTRONG} Kh7 {[%emt 0:01:07] CPLX 3.3 145 (Re4xc4) (=17)} (31... Rxc4 {might work better.} 32. Rxc4 b5) 32. Bd5 {[%emt 0:00:10] EASY} Qe7 {[%emt 0:00:01] EASY} 33. Rxb6 {[%emt 0:00:28] BESTDEEP} Rd8 {[%emt 0:00:02] CPLX 3.7 39 (Qe7-e8) (=17)} 34. Bxe4 {[%emt 0:01:07] EASY} Qxe4 {[%emt 0:00:07] RECAPT} 35. Rb4 {[%emt 0:00:16] CPLX 3.8 116 (Bh2-d6) (=7)} Qd3 {[%emt 0:00:22] Threatens to win with ...Qd1+. CPLX 3.9 90 (Qe4-f5) (=19)} 36. Be5 {[%emt 0:00:07] CPLX 3.6} Bxe5 {[%emt 0:01:03] CPLX 4.1 67 (Bg7-f8) (=20)} 37. Nxe5 {[%emt 0:00:02] RECAPT} Qf5 {[%emt 0:00:01] CPLX 3.9 94 (Qd3-d5) (=22)} 38. Nf3 {[%emt 0:00:31] CPLX 3.9 101 (Qb1-b2) (=9)} Rd6 {[%emt 0:00:28] CPLX 3.5 6 (Rd8-d7) (=22)} 39. Nd4 {[%emt 0:00:53] CPLX 3.5 46 (Rb4-b8) (=10)} Qd7 {[%emt 0:00:01] CPLX 3.8} 40. Qd1 {[%emt 0:00:27] CPLX 3.3} Ne6 {[%emt 0:00:08][%cal Re6d4] CPLX 3.3} 41. Rcc4 {[%emt 0:00:36] CPLX 3.4 25 (Qd1-g4) (=11)} Nbxd4 {[%emt 0:00:11] CPLX 3.5 126 (Nb3-a5) (=23)} 42. exd4 {[%emt 0:00:03] RECAPT} Nf4 {[%emt 0:00:02] CPLX 2.9 43 (Rd6-d5) (=24)} 43. Qg4 {[%emt 0:00:34] CPLX 3.5} Ne6 {[%emt 0:00:30] CPLX 3.8 0 (Nf4-d5) (=23)} 44. Rb8 {[%emt 0:00:38] CPLX 3.2 24 (Rb4xa4) (=10)} Qa7 {[%emt 0:00:23] CPLX 4.2 0 (Rd6-d5) (=23)} 45. Rcc8 {[%emt 0:00:21] CPLX 4.4 65 (Rb8-c8) (=12)} Rxd4 $2 {[%emt 0:00:03] MISS-Qa7xd4 206 (Qa7xd4) (=27)} (45... Qxd4 46. Rh8+ Kg7 47. Rbg8+ Kf6 48. Qf3+ Qf4 49. Qxf4+ Nxf4) 46. Qf3 {[%emt 0:00:35] Threatening mate with Rh8+. CPLX 4.6} Rf4 {[%emt 0:00:02] DEEPSTRONG} 47. Rh8+ {[%emt 0:00:05] CPLX 4.9 152 (Rb8-b7) (=15)} Kg7 {[%emt 0:00:01] LEGAL} 48. Qc3+ {[%emt 0:00:04] CPLX 5.0 8 (Qf3-g3) (=15)} Nd4 $2 {[%emt 0:00:21] EVAL 400 (Qa7-d4) (=34)} (48... Qd4 49. Rhc8 Kh7 50. Qxd4 Rxd4) 49. Qe3 {[%emt 0:00:15] Intending Qe5+ and mate. EVAL 123 (Rh8-d8) (=17)} Qc7 {[%emt 0:00:20] Prevents Qe5+. RELBLUND 400 (Nd4-f3) (=43)} 50. Rbc8 {[%emt 0:00:13] BEVAL 400 (Rh8-c8) (=26)} (50. Rhc8 $142 Qd6 51. Rd8 Qc7 52. Rbc8 Qxd8 53. Rxd8 Ne6 54. Qe5+ Rf6 55. Ra8) 50... Qd6 {[%emt 0:00:07] RELBLUND 400 (Nd4-f5) (=50)} 51. Rcd8 {[%emt 0:00:25] BEVAL 400 (Rh8-d8) (=34)} (51. Rhd8 $142 Qe6 52. Rg8+ Kh7 53. Rh8+ Kg7 54. Rcg8+ Kf6 55. Qxf4+ Nf5 56. g4) 51... Qc7 {[%emt 0:00:36] BEVAL} 52. Rhg8+ {[%emt 0:00:10] BEVAL 400 (Rd8xd4) (=42)} (52. Rxd4 $142 Kxh8 53. Qxf4) 52... Kh7 {[%emt 0:00:02] BEVAL} 53. Rh8+ {[%emt 0:00:10] CPLX 4.8 400 (Qe3-e8) (=49)} (53. Qe8 $142 h5 54. Rh8+ Kg7 {[#]} 55. Rh7+ $3 Kf6 56. Rxd4 $1 Rxd4 57. Qh8+ Ke7 58. Qxd4) 53... Kg7 {[%emt 0:00:01] BEVAL} 54. Rhe8 {[%emt 0:00:09] MISS-Rd8xd4 400 (Rd8xd4) (=56)} (54. Rxd4 $142 Kxh8 55. Qxf4) 54... Ne6 {[%emt 0:00:22] CPLX 4.6} 55. Rg8+ {[%emt 0:00:11] CPLX 4.9 75 (Rd8-c8) (=57)} Kh7 {[%emt 0:00:02] CPLX 4.5 66 (Kg7-f6) (=47)} 56. Rh8+ {[%emt 0:00:02] CPLX 4.9} Kg7 {[%emt 0:00:01] LEGAL} 57. Rdg8+ {[%emt 0:00:19] CPLX 4.9} Kf6 {[%emt 0:00:02] LEGAL} 58. Rc8 {[%emt 0:00:01] BESTDEEP} ({Don't take} 58. g3 Rf5 59. Rc8 Qd7 60. Qc3+ Ke7 $18) 58... Qd6 {[%emt 0:00:07] BESTDEEP} 59. Qc3+ {[%emt 0:00:05] CPLX 4.3} ({Don't play} 59. Rxh6 Rd4 60. Qg3 Qxg3 61. fxg3 Rd3 $18) 59... Kg5 {[%emt 0:00:21] CPLX 3.6 59 (Rf4-d4) (=44)} 60. Qg3+ {[%emt 0:00:10] CPLX 5.2} Kf6 {[%emt 0:00:03] BESTDEEP} 61. Kh2 {[%emt 0:00:17] CPLX 3.9 46 (Rh8xh6) (=51)} Nd4 $2 {[%emt 0:00:15] BEVAL 400 (h6-h5) (=50)} (61... h5 62. Rc4 Rd4 63. Qxd6 Rxd6 64. Rxa4 Rd2) 62. Rhd8 {[%emt 0:00:06] BEVAL. White is clearly winning.} Qe5 {[%emt 0:00:01] BEVAL} 63. Re8 {[%emt 0:00:33] BEVAL} Ne6 {[%emt 0:00:37] [#] EVAL 0 (Nd4-f5) (=48)} 64. Rxe6+ $1 {[%emt 0:00:05][%mdl 512] Weighted Error Value: White=0.38/Black=0.52} 1-0